 Dungeon Crawl Stone Soup version 0.22.1-6-g1668fe2 (webtiles) character file.

28617 teukkam the Phalangite (level 13, -2/103 HPs)
             Began as a Minotaur Fighter on Jan 17, 2019.
             Slain by a rime drake (9 damage)
             ... on level 6 of the Lair of Beasts on Jan 18, 2019.
             The game lasted 00:59:13 (14581 turns).

teukkam the Phalangite (Minotaur Fighter)          Turns: 14581, Time: 00:59:14

Health: -2/103     AC:  7    Str: 26    XL:     13   Next: 10%
Magic:  21/21      EV: 11    Int: 10    God:
Gold:   717        SH:  0    Dex: 11    Spells: 12/12 levels left

rFire    . . .     SeeInvis .   a - +8 trident (distort)
rCold    + + +     Gourm    +   (no shield)
rNeg     . . .     Faith    .   W - +3 leather armour of the Inquisitive Wars {rC+++ MR- MP+9}
rPois    +         Spirit   .   (helmet restricted)
rElec    .         Reflect  .   p - scarf {repulsion}
rCorr    .         Harm     .   t - +0 pair of gloves {Dex+3}
MR       .....                  V - +0 pair of boots
Stlth    +.........             T - amulet of the gourmand
HPRegen  0.27/turn              C - +1 ring of slaying
MPRegen  0.17/turn              Z - ring of poison resistance

@: brilliant, about to teleport, sleeping, frozen, very slightly contaminated,
repel missiles, very slow
A: retaliatory headbutt, horns 2, large bone plates 1, clumsy 1, deformed body
a: no special abilities


You were on level 6 of the Lair of Beasts.
You were full.

You visited 3 branches of the dungeon, and saw 16 of its levels.
You also visited: Ice Cave.

You collected 717 gold pieces.

Inventory:

Hand Weapons
 a - a +8 trident of distortion (weapon)
 b - a +0 shortbow
 q - a +7 war axe
 M - a +2 arbalest of freezing
 P - a +2 longbow of freezing
 Q - a +3 battleaxe of freezing
Missiles
 o - 223 stones (quivered)
Armour
 c - a +1 shield
 e - a +3 leather armour
 p - a scarf of repulsion (worn)
 t - a +0 pair of gloves of dexterity (worn)
 V - a +0 pair of boots (worn)
 W - the +3 leather armour of the Inquisitive Wars (worn) {rC+++ MR- MP+9}
   (You found it on level 2 of the Lair of Beasts)

   It renders you almost immune to cold.
   It affects your resistance to hostile enchantments.
   It affects your magic capacity (+9).
Jewellery
 d - an uncursed ring of stealth
 i - an uncursed ring of positive energy
 j - an uncursed ring of resist corrosion
 n - a +5 ring of protection
 u - an uncursed ring of stealth
 A - an uncursed ring of protection from magic
 C - a +1 ring of slaying (left hand)
 L - an uncursed ring of fire
 T - an amulet of the gourmand (around neck)
 Z - a ring of poison resistance (right hand)
Wands
 g - a wand of polymorph (11)
 F - a wand of clouds (1)
 J - a wand of enslavement (13)
 K - a wand of iceblast (15)
 N - a wand of random effects (38)
 R - a wand of digging (15)
Scrolls
 h - a scroll of enchant armour
 k - 12 scrolls of remove curse
 m - 4 scrolls of amnesia
 r - a scroll of fog
 w - 14 scrolls of identify
 x - 3 scrolls of teleportation
 z - 2 scrolls of magic mapping
 D - a scroll of summoning
 E - 2 scrolls of immolation
Potions
 s - 2 potions of might
 v - 2 potions of mutation
 B - a potion of curing
 G - 2 potions of flight
 U - a potion of brilliance
 Y - a potion of ambrosia
Miscellaneous
 I - a phial of floods
 S - a sack of spiders
 X - a lightning rod (4/4)
Comestibles
 f - 10 rations


   Skills:
 - Level 6.4 Fighting
 - Level 5.8(15.4) Axes
 + Level 21.2(21.4) Polearms
 - Level 5.3 Bows
 - Level 6.4 Armour
 - Level 6.5 Shields


You had 12 spell levels left.
You didn't know any spells.
Your spell library contained the following spells:

 Spells                   Type           Power        Failure   Level  Hunger
 Corona                   Hex            #......      4%          1    ##.....
 Ensorcelled Hibernation  Hex/Ice        #.....       8%          2    ###....
 Poisonous Vapours        Pois/Air       #.....       8%          2    ###....
 Confuse                  Hex            #.......     13%         3    ####...
 Conjure Flame            Conj/Fire      #.......     13%         3    ####...
 Dazzling Spray           Conj/Hex       #.....       13%         3    ####...
 Mephitic Cloud           Conj/Pois/Air  #.......     13%         3    ####...
 Tukima's Dance           Hex            #.......     13%         3    ####...
 Freezing Cloud           Conj/Ice/Air   #.........   99%         6    #######
 Ring of Flames           Chrm/Fire      #.........   100%        7    #######


Dungeon Overview and Level Annotations

Branches:
Dungeon (9/15)             Temple (1/1) D:7            Lair (6/6) D:9
  Snake (0/4) Lair:2
  Swamp: Lair:2-4    Shoals: Lair:2-4     Slime: Lair:5-6       Orc: D:9-12

Altars:
Ashenzari
Cheibriados
Dithmenos
Elyvilon
Fedhas
Gozag
Hepliaklqana
Kikubaaqudgha
Makhleb
Nemelex Xobeh
Okawaru
Qazlal
Ru
Sif Muna
Trog
Uskayaw
Vehumet
Wu Jian
Xom
Yredelemnul
Zin
The Shining One

Shops:
D:5 (

Annotations:
Lair:2 exclusion: 2 oklob plants
Abyss:1 Nergalle


Innate Abilities, Weirdness & Mutations

You reflexively headbutt those who attack you in melee.
You have a pair of horns on your head.
You are partially covered in large bone plates. (SH +4)
You are clumsy. (Dex -2)
Armour fits poorly on your strangely shaped body.


Message History

* * * LOW HITPOINT WARNING * * *
The yak moves out of view.
The yak bellows! x2
You puncture the rime drake!
Space bends around the rime drake.
The rime drake is heavily wounded.
The dream sheep ruffle their wool and motes of dream dust sparkle, to no
As you read the scroll of teleportation, it crumbles to dust.
You feel strangely unstable. The ice encasing you melts away.
The rime drake breathes ice at you. The flash freeze hits you!
You partially resist.
* * * LOW HITPOINT WARNING * * *
You are encased in ice.
You block the crocodile's attack.
The dream sheep shake their wool and sparkle.
You feel drowsy...
You fall asleep.
The rime drake misses you.
A yak comes into view.
The crocodile closely misses you. The rime drake bites you!
You die...

..Y.D.Y.....#
#......#....####
.###.###....#P.P
Y. # #......P.
..Y ##SY...P..
#.Y. #.Y.....#
.Y.S #......##
#..##t...P##
#.@.......#
#.P.k........
................
#...###.......##
### #.###..##
### ###


You could see a sea snake, 4 yaks, a rime drake, a water moccasin, a crocodile
and 2 dream sheep.

Vanquished Creatures
  A death yak (IceCv)
  A wolf spider (Lair:6)
  2 elephants (Lair:5)
  An ice statue (IceCv)
  4 spiny frogs
  2 komodo dragons
  A rime drake (Lair:2)
  13 polar bears
  Prince Ribbit (D:6)
  4 hippogriffs
  5 blink frogs (Lair:4)
  7 dream sheep (Lair:5)
  3 wyverns
  35 yaks
  A human (D:7)
  A basilisk (Lair:1)
  3 hogs
  6 water moccasins
  6 porcupines
  An orc warrior (D:6)
  3 phantoms
  3 sky beasts
  2 ice beasts (D:8)
  5 ogres
  16 wolves
  2 centaurs
  9 crocodiles
  9 bullfrogs
  A gnoll sergeant (D:4)
  Blork the orc (D:4)
  A wyvern skeleton (D:7)
  A water moccasin skeleton (D:7)
  3 scorpions
  6 killer bees
  8 wights (D:6)
  7 howler monkeys
  2 crimson imps
  A quasit (D:9)
  2 centaur zombies (D:7)
  7 orc priests
  3 hounds
  2 iguanas
  12 orc wizards
  6 worker ants
  A hound zombie (D:5)
  2 hound skeletons
  4 gnolls (D:4)
  A howler monkey skeleton (D:6)
  4 adders
  A shadow imp (D:9)
  3 oozes
  3 worms
  4 dart slugs
  4 leopard geckos
  32 orcs
  7 bats
  4 giant cockroaches
  10 goblins
  8 hobgoblins
  19 jackals
  5 kobolds
  5 quokkas
  6 frilled lizards
  2 jackal skeletons (D:4)
  A leopard gecko zombie (D:6)
  4 rats (D:1)
340 creatures vanquished.

Vanquished Creatures (collateral kills)
  A fungus (Lair:5)
1 creature vanquished.

Vanquished Creatures (others)
  A frost giant (IceCv)
  A hydra (Lair:2)
  6 elephants
  2 polar bears (IceCv)
  2 hippogriffs
  5 yaks
  An orc warrior (D:8)
  A sky beast (D:6)
  2 wolves (IceCv)
  A centaur (D:9)
  2 bullfrogs
  A centaur skeleton (D:6)
  2 orcs (D:7)
  12 fungi
  6 plants
45 creatures vanquished.

Grand Total: 386 creatures vanquished

Notes
Turn   | Place    | Note
-------+----------+-------------------------------------------
     0 | D:1      | teukkam the Minotaur Fighter began the quest for the Orb.
     0 | D:1      | Reached XP level 1. HP: 19/19 MP: 0/0
    69 | D:1      | Reached XP level 2. HP: 27/27 MP: 1/1
   136 | D:3      | Noticed an ogre
   247 | D:2      | Reached XP level 3. HP: 31/33 MP: 2/2
   533 | D:4      | Noticed a gnoll sergeant
   542 | D:4      | Reached XP level 4. HP: 26/40 MP: 3/3
   551 | D:4      | Noticed Blork the orc
   552 | D:4      | Reached XP level 5. HP: 15/47 MP: 4/4
   553 | D:4      | Reached skill level 5 in Shields
   603 | D:4      | Killed Blork the orc
   603 | D:4      | Reached skill level 5 in Fighting
   603 | D:4      | Reached skill level 5 in Armour
   603 | D:4      | Reached XP level 6. HP: 16/56 MP: 5/5
   943 | D:5      | Entered Level 5 of the Dungeon
   950 | D:5      | Noticed a sky beast
   960 | D:5      | Killed a sky beast
  1215 | D:5      | Reached skill level 5 in Axes
  1215 | D:5      | Reached XP level 7. HP: 42/62 MP: 6/6
  2662 | D:1      | Reached skill level 1 in Polearms
  2917 | D:2      | Found a glowing silver altar of Zin.
  3067 | D:2      | Found a stormy altar of Qazlal.
  3335 | D:5      | Reached skill level 3 in Polearms
  3335 | D:5      | Reached XP level 8. HP: 31/71 MP: 7/7
  3644 | D:6      | Reached skill level 4 in Polearms
  3731 | D:5      | Reached skill level 1 in Bows
  4136 | D:5      | Found Zeujaen's Weapon Boutique.
  4272 | D:6      | Noticed Prince Ribbit
  4703 | D:4      | Gained mutation: You are covered in fur. (AC +1) [potion of
                  | mutation]
  4703 | D:4      | Gained mutation: You tend to lose your temper in combat.
                  | [potion of mutation]
  4703 | D:4      | Gained mutation: Your system is resistant to poisons.
                  | (rPois) [potion of mutation]
  4798 | D:4      | Reached skill level 5 in Bows
  5679 | D:6      | Killed Prince Ribbit
  5679 | D:6      | Reached skill level 6 in Polearms
  5720 | D:6      | Reached XP level 9. HP: 69/78 MP: 8/8
  5904 | D:6      | Reached skill level 7 in Polearms
  6114 | D:6      | Reached skill level 8 in Polearms
  6247 | D:7      | Found a staircase to the Ecumenical Temple.
  6250 | Temple   | Entered the Ecumenical Temple
  6567 | Temple   | Reached skill level 9 in Polearms
  6849 | Temple   | Reached skill level 10 in Polearms
  6917 | D:7      | Reached skill level 11 in Polearms
  6984 | D:7      | Reached XP level 10. HP: 69/84 MP: 9/9
  7153 | D:7      | Reached skill level 12 in Polearms
  8330 | D:8      | Reached skill level 13 in Polearms
  8592 | D:9      | Lost mutation: You tend to lose your temper in combat.
                  | [potion of mutation]
  8592 | D:9      | Lost mutation: Your system is resistant to poisons. (rPois)
                  | [potion of mutation]
  8592 | D:9      | Lost mutation: You are covered in fur. (AC +1) [potion of
                  | mutation]
  8592 | D:9      | Gained mutation: Armour fits poorly on your strangely
                  | shaped body. [potion of mutation]
  8592 | D:9      | Gained mutation: You are clumsy. (Dex -2) [potion of
                  | mutation]
  8592 | D:9      | Gained mutation: You are partially covered in large bone
                  | plates. (SH +4) [potion of mutation]
  8671 | D:9      | Found a staircase to the Lair.
  8680 | Lair:1   | Entered Level 1 of the Lair of Beasts
  8738 | Lair:1   | Found a frozen archway.
  8767 | IceCv    | Entered an ice cave
  8938 | IceCv    | Reached skill level 14 in Polearms
  9062 | IceCv    | Reached skill level 15 in Polearms
  9084 | IceCv    | Reached XP level 11. HP: 67/91 MP: 10/10
  9279 | IceCv    | Reached skill level 16 in Polearms
  9439 | IceCv    | Noticed a death yak
  9754 | IceCv    | Noticed a death yak
  9754 | IceCv    | Noticed a frost giant
  9770 | IceCv    | Banished a frost giant
  9770 | IceCv    | Reached skill level 17 in Polearms
  9773 | IceCv    | Killed a death yak
 10352 | Lair:1   | Reached skill level 18 in Polearms
 10852 | Lair:1   | Noticed Nergalle
 10858 | Lair:1   | Banished Nergalle
 11108 | Lair:1   | Reached XP level 12. HP: 97/97 MP: 11/11
 11339 | Lair:2   | Found a staircase to the Snake Pit.
 11401 | Lair:2   | Noticed a five-headed hydra
 11406 | Lair:2   | Banished a five-headed hydra
 11492 | Lair:2   | Got a bloodstained leather armour
 11504 | Lair:2   | Identified the +3 leather armour of the Inquisitive Wars
                  | {rC+++ MR- MP+9} (You found it on level 2 of the Lair of
                  | Beasts)
 11768 | Lair:3   | Reached skill level 19 in Polearms
 12580 | Lair:6   | Entered Level 6 of the Lair of Beasts
 12840 | Lair:6   | Noticed a six-headed hydra
 12892 | Lair:6   | HP: 3/97 [wolf spider (15)]
 13072 | Lair:5   | Reached skill level 20 in Polearms
 14355 | Lair:5   | Identified a scroll of acquirement
 14464 | Lair:6   | Reached skill level 21 in Polearms
 14464 | Lair:6   | Reached XP level 13. HP: 103/103 MP: 12/12
 14581 | Lair:6   | Slain by a rime drake

Skill      XL: |  1  2  3  4  5  6  7  8  9 10 11 12 |
---------------+-------------------------------------+-----
Shields        | 4 5 6 |  6.5
Fighting       | 4 5 6 |  6.4
Armour         | 4 5 6 |  6.4
Axes           | 3 4 5 |  5.8
Polearms       | 3 6 11 15 18 21 | 21.2
Bows           | 5 |  5.3

Action                   |  1- 3 |  4- 6 |  7- 9 | 10-12 | 13-15 || total
-------------------------+-------+-------+-------+-------+-------++-------
Melee: War axe           |    88 |    40 |   187 |       |       ||   315
       Headbutt          |     6 |     8 |    53 |   119 |     8 ||   194
       Trident           |       |       |   140 |   592 |    45 ||   777
 Fire: Shortbow          |       |       |    32 |       |       ||    32
Throw: Stone             |       |       |       |    54 |     2 ||    56
Evoke: Wand              |       |       |       |     8 |       ||     8
  Use: Potion            |       |     2 |     8 |     4 |     3 ||    17
       Scroll            |       |     5 |     8 |     7 |     6 ||    26
 Stab: Confused          |       |       |       |     1 |       ||     1
       Distracted        |       |       |       |     1 |       ||     1
  Eat: Chunk             |       |     1 |     9 |     8 |     7 ||    25
       Ration            |       |       |     3 |     5 |       ||     8
Armor: Scale mail        |    47 |     8 |    82 |       |       ||   137
       Skin              |       |     6 |       |       |       ||     6
       Chain mail        |       |       |    88 |       |       ||    88
       Leather armour    |       |       |     3 |   117 |     4 ||   124
Dodge: Dodged            |    25 |    13 |   138 |   142 |    14 ||   332
       Deflected         |       |       |     3 |     5 |       ||     8
Block: Shield            |    61 |    21 |    94 |       |       ||   176
       Other             |       |       |       |    40 |     2 ||    42
